 Dungeon Crawl Stone Soup version 0.28-a0-586-gbdb9d174a4 (webtiles) character file.

Game seed: 18224566100828028698

4659 fvbjks the Geomancer (level 10, 0/58 HPs)
             Began as a Gargoyle Earth Elementalist on Oct 3, 2021.
             Was a Believer of Vehumet.
             Slain by an orc warlord (20 damage)
             ... in a bailey.
             The game lasted 00:25:47 (10371 turns).

fvbjks the Geomancer (Gargoyle Earth Elementalist) Turns: 10371, Time: 00:25:48

Health: 0/58       AC: 18    Str: 12    XL:     10   Next: 43%
Magic:  8/19       EV: 12    Int: 25    God:    Vehumet [**....]
Gold:   514        SH:  0    Dex: 10    Spells: 17/21 levels left

rFire   + . .      SeeInvis .   o - +4 flail
rCold   . . .      Faith    .   (no shield)
rNeg    + . .      Spirit   .   r - +1 leather armour {rF+}
rPois   ∞          Reflect  .   b - +0 helmet
rElec   +          Harm     .   u - scarf {+Inv}
rCorr   .          Rampage  .   (no gloves)
Will    .....                   B - +0 pair of boots
Stlth   ++........              s - amulet of the acrobat
HPRegen 0.19/turn               m - +6 ring of intelligence
MPRegen 0.16/turn               p - +4 ring of protection

@: no status effects
A: sickness immunity, AC +7, negative energy resistance 1, electricity
resistance, torment resistance 1, petrification resistance
a: Renounce Religion, Evoke Invisibility


You were in a bailey.
You worshipped Vehumet.
Vehumet was pleased with you.
You visited 2 branches of the dungeon, and saw 9 of its levels.
You also visited: Sewer and Bailey.

You collected 514 gold pieces.

Inventory:

Hand Weapons
 o - a +4 flail (weapon)
Missiles
 c - 97 stones
 q - 3 throwing nets
Armour
 b - a +0 helmet (worn)
 r - a +1 leather armour of fire resistance (worn)
 u - a scarf of invisibility (worn)
 B - a +0 pair of boots (worn)
Jewellery
 h - a +6 ring of strength
 m - a +6 ring of intelligence (left hand)
 p - a +4 ring of protection (right hand)
 s - an amulet of the acrobat (around neck)
Wands
 e - a wand of flame (20)
 l - a wand of charming (7)
 y - a wand of acid (4)
Scrolls
 i - 2 scrolls of fear
 v - a scroll of teleportation
 x - a scroll of enchant armour
 C - a scroll of blinking {unknown}
Potions
 a - 4 potions of heal wounds
 f - 3 potions of flight
 g - 4 potions of curing
 j - 2 potions of haste
 k - a potion of lignification
 n - 3 potions of brilliance
 t - 2 potions of berserk rage
 w - a potion of attraction
 z - a potion of cancellation {unknown}
 A - 2 potions of invisibility {unknown}
 D - a potion of might {unknown}


   Skills:
 + Level 4.6 Fighting
 + Level 4.3 Maces & Flails
 + Level 4.8 Armour
 + Level 4.1 Dodging
 - Level 2.1 Stealth
 + Level 6.2 Spellcasting
 + Level 6.5 Conjurations
 - Level 0.7 Transmutations
 + Level 8.5 Earth Magic
 + Level 3.9 Evocations


You had 17 spell levels left.
You knew the following spells:

 Your Spells              Type           Power      Damage    Failure   Level
a - Sandblast             Erth           100%       2d20      1%          1
b - Stone Arrow           Conj/Erth      90%        3d12      1%          3

Your spell library contained the following spells:

 Spells                   Type           Power      Damage    Failure   Level
 Scorch                   Fire           14%        2d5       14%         2
 Magic Dart               Conj           100%       1d8       1%          1
 Passwall                 Tmut/Erth      25%        N/A       1%          2
 Searing Ray              Conj           80%        2d7       1%          2
 Animate Skeleton         Necr           14%        N/A       10%         1
 Pain                     Necr           28%        1d5       10%         1
 Corpse Rot               Necr/Air       N/A        N/A       14%         2
 Slow                     Hex            7%         N/A       14%         2
 Petrify                  Tmut/Erth      31%        N/A       14%         4
 Fulminant Prism          Conj/Hex       12%        3d9       24%         4
 Confusing Touch          Hex            7%         N/A       28%         3
 Gell's Gravitas          Tloc           3%         N/A       28%         3
 Teleport Other           Tloc           7%         N/A       28%         3
 Tukima's Dance           Hex            7%         N/A       28%         3
 Vampiric Draining        Necr           3%         2d6       28%         3
 Dispel Undead            Necr           7%         3d8       67%         4
 Passage of Golubria      Tloc           N/A        N/A       67%         4
 Yara's Violent Unravell  Hex/Tmut       4%         3d4       91%         5
 Excruciating Wounds      Necr           3%         N/A       95%         5
 Death Channel            Necr           3%         N/A       100%        6
 Dispersal                Tloc           3%         N/A       100%        6
 Monstrous Menagerie      Summ           3%         N/A       100%        7
 Necromutation            Tmut/Necr      4%         N/A       100%        8


Dungeon Overview and Level Annotations

Branches:
Dungeon (8/15)             Temple (1/1) D:5           Sewer (visited)
 Bailey (1/1)
   Lair: D:8-11

Altars:
Ashenzari
Cheibriados
Dithmenos
Fedhas
Gozag
Hepliaklqana
Kikubaaqudgha
Makhleb
Nemelex Xobeh
Qazlal
Trog
Uskayaw
Vehumet
Xom
Zin
The Shining One

Annotations:
D:7 3 runed translucent doors, balagan2's ghost, novice MiFi


Innate Abilities, Weirdness & Mutations

You are immune to sickness and miasma.
Your stone body is resilient. (AC +7)
You are immune to poison.
You resist negative energy. (rN+)
You are resistant to electric shocks. (rElec)
You are resistant to unholy torment.
You are immune to petrification.


Message History

The goblin barely misses you.
Unknown command.
Aiming: Corrosive Bolt
Press: ? - help, Shift-Dir - straight line, f - orc warlord
Aim: an orc warlord, wielding a +0 dire flail and wearing a +0 chain mail (severely wounded, strong, 81% to hit)
The bolt of acid hits the goblin!
You kill the goblin!
Vehumet accepts your kill.
You feel your power returning.
The bolt of acid misses the orc warlord.
Unknown command.
Casting: Stone Arrow (safe; 1% risk of failure)
Confirm with . or Enter, or press ? or * to list all spells.
Aiming: Stone Arrow (safe; 1% risk of failure)
Press: ? - help, Shift-Dir - straight line, f/p - orc warlord
Aim: an orc warlord, wielding a +0 dire flail and wearing a +0 chain mail (severely wounded, strong, 82% to hit)
The stone arrow hits the orc warlord.
The orc warlord is severely wounded.
The orc warlord no longer looks unusually strong.
Unknown command.
Casting: Stone Arrow (safe; 1% risk of failure)
Confirm with . or Enter, or press ? or * to list all spells.
Aiming: Stone Arrow (safe; 1% risk of failure)
Press: ? - help, Shift-Dir - straight line, f/p - orc warlord
Aim: an orc warlord, wielding a +0 dire flail and wearing a +0 chain mail (severely wounded, 82% to hit)
The stone arrow hits the orc warlord!
The orc warlord is almost dead.
The orc warlord hits you with a +0 dire flail!!
Ouch! That really hurt!
Unknown command.
Casting: Stone Arrow (safe; 1% risk of failure)
Confirm with . or Enter, or press ? or * to list all spells.
Aiming: Stone Arrow (safe; 1% risk of failure)
Press: ? - help, Shift-Dir - straight line, f/p - orc warlord
Aim: an orc warlord, wielding a +0 dire flail and wearing a +0 chain mail (almost dead, 82% to hit)
The stone arrow hits the orc warlord!
The orc warlord is almost dead.
The orc warrior hits you with a +0 war axe!
The orc warlord hits you with a +0 dire flail!!
You die...

### ### ###.### ###.###
###.....### ###.....###
##.........###.........##
#..........o#[..........#
#..........@o)..........#
#.....⌠....)#[....⌠.....#
#...........#...........#
#...........#.g....o)...#
###)).......###.......)[###
###.#+#.....###.###.....#'#.###
###.....###.###
...###.###[[...# #...))....###
.... ###..)..... .....).....#
...oo #8........


You could see an orc warlord and an orc warrior (strong).

Vanquished Creatures
  2 orc knights (Bailey)
  Sigmund (D:3)
  A vampire (D:8)
  A water moccasin (D:6)
  6 orc warriors
  2 black bears
  3 ogres
  A phantom (D:5)
  2 centaurs
  A kobold brigand (Sewer)
  5 scorpions
  A bullfrog (D:7)
  2 water moccasin zombies
  A wyvern skeleton (D:5)
  8 wights
  A howler monkey (D:5)
  3 centaur zombies
  A bullfrog zombie (D:7)
  2 bullfrog skeletons (D:4)
  2 jellies
  2 hounds
  7 orc priests
  An iron imp (D:4)
  Ijyb (D:3)
  3 iguanas
  3 orc wizards
  A killer bee zombie (D:6)
  A howler monkey zombie (D:7)
  22 gnolls
  A howler monkey skeleton (D:6)
  10 adders
  2 shadow imps (D:6)
  An ufetubus (D:6)
  2 worms (D:3)
  5 dart slugs
  30 orcs
  8 bats
  2 endoplasms
  9 giant cockroaches
  20 goblins
  21 hobgoblins
  A jackal (Sewer)
  A quokka (D:1)
  5 ball pythons
  4 frilled lizards
  10 kobolds
  12 rats
231 creatures vanquished.

Vanquished Creatures (collateral kills)
  A goblin (Bailey)
1 creature vanquished.

Grand Total: 232 creatures vanquished

Notes
Turn   | Place    | Note
-------+----------+-------------------------------------------
     0 | D:1      | fvbjks the Gargoyle Earth Elementalist began the quest for
                  | the Orb.
     0 | D:1      | Reached XP level 1. HP: 10/10 MP: 3/3
   547 | D:1      | Reached skill level 4 in Earth Magic
   547 | D:1      | Reached XP level 2. HP: 15/15 MP: 0/5
   768 | D:1      | Reached XP level 3. HP: 16/19 MP: 7/7
   772 | D:1      | Learned a level 3 spell: Stone Arrow
  1714 | D:2      | Reached skill level 1 in Conjurations
  1741 | D:2      | Reached XP level 4. HP: 24/24 MP: 6/8
  2108 | D:3      | Noticed Ijyb
  2122 | D:3      | Killed Ijyb
  2252 | D:3      | Reached skill level 5 in Earth Magic
  2259 | D:3      | Found a glowing drain.
  2307 | D:3      | Reached XP level 5. HP: 22/28 MP: 4/9
  2315 | Sewer    | Entered a sewer
  2536 | Sewer    | Noticed a kobold brigand
  2571 | Sewer    | Killed a kobold brigand
  2718 | Sewer    | Found a white marble altar of Elyvilon.
  2770 | D:3      | Reached XP level 6. HP: 25/32 MP: 6/11
  3094 | D:3      | Found a faded altar of an unknown god.
  3240 | D:3      | Noticed a moth of wrath
  3271 | D:3      | Found a bloodstained altar of Trog.
  3973 | D:3      | Noticed Sigmund
  3981 | D:3      | Killed Sigmund
  3982 | D:3      | Reached skill level 6 in Earth Magic
  3982 | D:3      | Reached XP level 7. HP: 36/36 MP: 2/13
  4292 | D:4      | Found a snail-covered altar of Cheibriados.
  4376 | D:4      | Got the Grimoire of Unholy Companions
  5411 | D:5      | Entered Level 5 of the Dungeon
  5431 | D:5      | Reached skill level 1 in Fighting
  5431 | D:5      | Reached skill level 1 in Armour
  5431 | D:5      | Reached XP level 8. HP: 34/43 MP: 5/15
  5434 | D:5      | Reached skill level 1 in Maces & Flails
  5434 | D:5      | Reached skill level 1 in Evocations
  5713 | D:5      | Reached skill level 7 in Earth Magic
  5753 | D:5      | Found a staircase to the Ecumenical Temple.
  5764 | Temple   | Entered the Ecumenical Temple
  5801 | Temple   | Became a worshipper of Vehumet
  5880 | D:5      | Reached skill level 5 in Spellcasting
  5883 | D:5      | Found a sparkling altar of Nemelex Xobeh.
  5940 | D:5      | Found a broken altar of Ashenzari.
  5940 | D:5      | Found a hide-covered altar of Uskayaw.
  5940 | D:5      | Found a glowing silver altar of Zin.
  5957 | D:5      | Identified the +1 leather armour of Going Fast {Int+3
                  | Dex+3}
  6366 | D:5      | Reached skill level 5 in Conjurations
  6977 | D:6      | Reached XP level 9. HP: 46/49 MP: 16/16
  8254 | D:7      | Reached * piety under Vehumet
  8254 | D:7      | Offered knowledge of Freeze by Vehumet.
  8924 | D:7      | Reached skill level 8 in Earth Magic
  9153 | D:7      | Found a runed translucent gate.
  9155 | D:7      | Found a runed translucent gate.
  9155 | D:7      | Found an opulent altar of Gozag.
  9156 | D:7      | Found a runed translucent gate.
  9168 | D:7      | Noticed balagan2's ghost (novice MiFi)
  9387 | D:8      | Found a flagged portal.
  9395 | Bailey   | Entered a bailey
  9690 | Bailey   | Offered knowledge of Foxfire by Vehumet.
  9691 | Bailey   | Reached ** piety under Vehumet
  9702 | Bailey   | Reached XP level 10. HP: 42/56 MP: 11/18
 10075 | Bailey   | Offered knowledge of Scorch by Vehumet.
 10323 | Bailey   | Noticed an orc warlord
 10323 | Bailey   | Noticed an orc knight
 10323 | Bailey   | Noticed an orc knight
 10363 | Bailey   | Killed an orc knight
 10365 | Bailey   | Killed an orc knight
 10371 | Bailey   | Slain by an orc warlord

Illustrated notes

Levels and vault maps discovered:
D:1:      psy_arrival_radial01, layout_basic, chequers_serial_rivers_room_a
D:2:      layout_basic
D:3:      layout_loops_cross, tgw_trog, hellmonk_ecumenical_altar_run_dry,
          gup_sewer_entry_glass, grunt_decor_arrowhead,
          chequers_serial_rivers_micro_c, st_stairs_2, corner_web_ring,
          uniq_ijyb, uniq_sigmund
D:4:      layout_gridville, slow_altar_1, fountainhead, grunt_ministairs_13,
          kennysheep_pointless_box
D:5:      layout_loops_ring, grunt_temple_overflow_open,
          minmay_temple_entry_trees
D:6:      layout_layer_cave
D:7:      layout_basic, ebering_ghost_gozag
D:8:      layout_loops_corners, enter_bailey_4
Temple:   regret_index_temple_waves
Bailey:   bailey_axe_minmay_hex_keep, bailey

Skill      XL: |  1  2  3  4  5  6  7  8  9 10 |
---------------+-------------------------------+-----
Earth Magic    | 4 5 6 7 8 |  8.5
Conjurations   | 1 2 3 4 5 6 |  6.5
Spellcasting   | 3 4 5 6 |  6.2
Fighting       | 1 2 4 |  4.6
Armour         | 1 2 4 |  4.8
Maces & Flails | 2 3 4 |  4.3
Dodging        | 2 3 4 |  4.1
Evocations     | 2 3 |  3.9
Stealth        | |  2.1
Transmutations | |  0.7

Action                   |  1- 3 |  4- 6 |  7- 9 | 10-12 || total
-------------------------+-------+-------+-------+-------++-------
Melee: Mace              |    52 |    64 |       |       ||   116
       Flail             |       |    34 |   236 |    77 ||   347
 Cast: Sandblast         |    14 |    32 |    61 |    14 ||   121
       Stone Arrow       |       |    10 |    55 |    11 ||    76
Evoke: Wand              |       |     1 |       |     8 ||     9
  Use: Scroll            |     4 |     6 |     6 |     2 ||    18
       Potion            |       |     1 |       |       ||     1
 Stab: Sleeping          |     5 |       |     1 |       ||     6
Armor: Robe              |    27 |    63 |    27 |       ||   117
       Leather armour    |       |       |   175 |    72 ||   247
Dodge: Dodged            |    33 |    89 |   268 |    82 ||   472

Table legend: (Time is in decaauts)
 A = Elapsed time spent in this place.
 B = Non-inter-level travel time spent in this place.
 C = Inter-level travel time spent in this place.
 D = Time resting spent in this place.
 E = Time spent auto-exploring this place.
 F = Levels seen in this place.
 G = Mean time per level.
                   A        B        C        D        E       F      G
               +--------+--------+--------+--------+--------+-----+--------+
         Total |  10563 |  10197 |    366 |    760 |   7333 |  11 |  960.3 |
       Dungeon |   9007 |   8656 |    351 |    305 |   6824 |   8 | 1125.9 |
        Temple |     52 |     37 |     15 |      0 |     21 |   1 |   52.0 |
         Sewer |    507 |    507 |      0 |    153 |    221 |   1 |  507.0 |
        Bailey |    995 |    995 |      0 |    302 |    266 |   1 |  995.0 |
               +--------+--------+--------+--------+--------+-----+--------+

Top non-repeatable levels by time:
     D:3: 1567 daAuts
     D:6: 1463 daAuts
     D:5: 1362 daAuts
     D:4: 1271 daAuts
     D:1: 1185 daAuts
     D:7: 1041 daAuts
     D:2: 997 daAuts
  Bailey: 995 daAuts
   Sewer: 507 daAuts
     D:8: 116 daAuts
  Temple: 52 daAuts
